 Dungeon Crawl Stone Soup version 0.32-a0-711-g016ad74 (webtiles) character file.

Game seed: 11726551723387283872

6 PidgeyThePirate the Shooter (level 1, 0/16 HPs)
             Began as a Coglin Hunter on Mar 15, 2024.
             Slain by a phantom (2 damage)
             ... on level 2 of the Dungeon.
             The game lasted 00:00:24 (142 turns).

PidgeyThePirate the Shooter (Coglin Hunter)          Turns: 142, Time: 00:00:24

Health: 0/16       AC:  3    Str: 11    XL:     1   Next: 90%
Magic:  1/1        EV: 11    Int:  8    God:
Gold:   11         SH:  0    Dex: 17    Spells: 0/0 levels left

rFire   . . .        a - +2 sling {Iwao}
rCold   . . .        d - +0 sling {Hamal}
rNeg    . . .        c - +0 leather armour
rPois   .            (no helmet)
rElec   .            (no cloak)
rCorr   .            (no gloves)
SInv    .            (no boots)
Will    .....        (amulet unavailable)
Stlth   ++           (ring unavailable)
HPRegen 0.22/turn    (ring unavailable)
MPRegen 0.07/turn    (no gizmo)

%: no passive effects
@: revved
A: off-hand wielding, slow wielding, warmup strikes, no jewellery
a: Invent Gizmo


You were on level 2 of the Dungeon.
You visited 1 branch of the dungeon, and saw 2 of its levels.

You collected 11 gold pieces.

Inventory:

Hand Weapons
 a - a +2 sling (weapon) {Iwao}
 d - a +0 sling (offhand) {Hamal}
Armour
 c - a +0 leather armour (worn)
Scrolls
 b - a scroll of butterflies


   Skills:
 + Level 2.0 Fighting
 + Level 3.9 Ranged Weapons
 + Level 1.7 Dodging
 + Level 0.7 Stealth


You couldn't memorise any spells.
You didn't know any spells.
Your spell library was empty.

Dungeon Overview and Level Annotations

Branches:
Dungeon (1/15)

Altars:


Innate Abilities, Weirdness & Mutations

You can wield a second weapon in your off-hand.
It takes a long time for you to wield or remove held weapons.
Your first few attacks do less damage.
You cannot equip rings or amulets.


Message History

Found 5 stones.
A quokka comes into view.
The phantom hits you.
The phantom blinks!
You blink.
An endoplasm comes into view.
You are too injured to fight recklessly!
You are too injured to fight recklessly!
Unknown command.
You are too injured to fight recklessly!
Unknown command.
The phantom attacks as it pursues you! The phantom hits you.
You are too injured to fight recklessly!
You are too injured to fight recklessly!
Unknown command.
You are too injured to fight recklessly!
Unknown command.
You are too injured to fight recklessly!
Unknown command.
You are too injured to fight recklessly!
Fire: a) +2 sling {Iwao}
Press: ? - help, Q - select action Shift-Dir - straight line, f/p - phantom
Aim: a phantom (heavily damaged, 51% to hit)
You shoot a sling bullet.
The sling bullet hits the phantom but does no damage.
The phantom is heavily damaged.
You shoot a sling bullet.
The sling bullet closely misses the phantom.
The sling bullet closely misses the goblin.
The phantom hits you.
* * * LOW HITPOINT WARNING * * *
The phantom blinks!
You blink.
Fire: a) +2 sling {Iwao}
Press: ? - help, Q - select action Shift-Dir - straight line, f/p - phantom
Aim: a phantom (heavily damaged, 51% to hit)
You shoot a sling bullet. The sling bullet hits the phantom!
The phantom is severely damaged.
You shoot a sling bullet.
The sling bullet hits the phantom but does no damage.
The phantom is severely damaged.
The phantom hits you.
You die...

.## #...## ....
...#
##..########
#..........##
#.r.#####...###
#@J.##........#
#.W$##.##...#.#
#.g....###.##.#
#...##.# #.##.#
#...##.###.##.#
#..(.......##.#
#..........##.#
..#.#...##.##.#
####.#...##.##.#


You could see a phantom, an endoplasm, a quokka and a goblin.

Vanquished Creatures
  A goblin (D:2)
  A hobgoblin (D:2)
  A ball python (D:2)
  2 kobolds (D:2)
  A rat (D:2)
6 creatures vanquished.

Notes
Turn   | Place    | Note
-------+----------+-------------------------------------------
     0 | D:1      | PidgeyThePirate the Coglin Hunter began the quest for the
                  | Orb.
     0 | D:1      | Reached XP level 1. HP: 16/16 MP: 1/1
    36 | D:1      | You fall into a shaft and drop 1 floor!
   134 | D:2      | Noticed a phantom
   142 | D:2      | Slain by a phantom

Illustrated notes

Levels and vault maps discovered:
D:1:      kilobyte_arrival_exit_the_forest, layout_rooms,
          minmay_shallow_snake_nest
D:2:      layout_loops_ring

Action                     || total
---------------------------++-------
   Fire: Sling             ||    34
 Armour: Leather armour    ||     6
  Dodge: Dodged            ||     1

Table legend: (Time is in decaauts)
 A = Elapsed time spent in this place.
 B = Non-inter-level travel time spent in this place.
 C = Inter-level travel time spent in this place.
 D = Time resting spent in this place.
 E = Time spent auto-exploring this place.
 F = Levels seen in this place.
 G = Mean time per level.
                   A        B        C        D        E       F      G
               +--------+--------+--------+--------+--------+-----+--------+
         Total |    146 |    146 |      0 |      0 |    115 |   2 |   73.0 |
       Dungeon |    146 |    146 |      0 |      0 |    115 |   2 |   73.0 |
               +--------+--------+--------+--------+--------+-----+--------+

Top non-repeatable levels by time:
     D:2: 110 daAuts
     D:1: 36 daAuts
